 Dungeon Crawl Stone Soup version 0.17-a0-1435-geafbe2f (webtiles) character file.

182 HEYYEYAAE the Gusty (level 5, -1/37 HPs)
             Began as a Human Air Elementalist on June 26, 2015.
             Killed by divine providence
             ... invoked by an orc priest
              (15 damage)
             ... on level 4 of the Dungeon.
             The game lasted 00:03:39 (2759 turns).

HEYYEYAAE the Gusty (Human Air Elementalist)        Turns: 2759, Time: 00:03:39

Health: -1/37      AC:  4    Str:  8    XL:     5   Next: 93%
Magic:  3/9        EV: 12    Int: 17    God:
Gold:   102        SH:  0    Dex: 13    Spells: 2 memorised, 6 levels left

rFire  . . .     SeeInvis .     o - +1 whip (venom)
rCold  . . .     Clarity  .     a - +0 robe
rNeg   . . .     SustAt   .     (no shield)
rPois  .         Gourm    .     (no helmet)
rElec  .         Spirit   .     p - +0 cloak
rCorr  .         Warding  .     j - +0 pair of gloves
rMut   .         Stasis   .     (no boots)
MR     .....                    (no amulet)
Stlth  ++........               (no ring)
                                l - ring of wizardry

@: not resistant to hostile enchantments, unstealthy
A: no striking features
a: no special abilities


You were on level 4 of the Dungeon.
You were very hungry.

You visited 1 branch of the dungeon, and saw 4 of its levels.

You collected 102 gold pieces.

Inventory:

Hand weapons
 k - a +0 mace
 o - a +1 whip of venom (weapon)
Armour
 a - a +0 robe (worn)
 j - a +0 pair of gloves (worn)
 p - a +0 cloak (worn)
Jewellery
 l - a ring of wizardry (left hand)
Magical devices
 u - a wand of draining (1)
Scrolls
 h - a scroll of remove curse {unknown}
 m - a scroll of magic mapping {unknown}
 n - a scroll of teleportation {unknown}
 q - a scroll of recharging {unknown}
Potions
 d - a potion of brilliance {unknown}
 f - 2 potions of agility
 g - 3 potions of curing
 i - a potion of resistance {unknown}
 s - a potion of lignification {unknown}
Books
 b - a book of Air

   Spells                             Type                      Level
   a - Shock                          Conjuration/Air              1
   b - Swiftness                      Charms/Air                   2
   c - Repel Missiles                 Charms/Air                   2
   d - Static Discharge               Conjuration/Air              3
   e - Lightning Bolt                 Conjuration/Air              5
Comestibles
 c - 2 bread rations
 r - a beef jerky
 t - a meat ration
 v - a royal jelly


   Skills:
 + Level 1.5 Fighting
 + Level 1.5 Armour
 + Level 2.5 Dodging
 - Level 2.0 Stealth
 * Level 3.2 Spellcasting
 - Level 1.0 Conjurations
 * Level 4.3 Air Magic


You had 6 spell levels left.
You knew the following spells:

 Your Spells              Type           Power        Failure   Level  Hunger
a - Shock                 Conj/Air       ##..         4%          1    None
b - Static Discharge      Conj/Air       ##......     9%          3    ###....


Dungeon Overview and Level Annotations

Branches:
Dungeon (4/15)
 Temple: D:4-7

Altars:


Message History

Casting: Shock
Confirm with . or Enter, or press ? or * to list all spells.
Aiming: Shock
Press: ? - help, Shift-Dir - straight line, f/p - orc wizard
Aim: an orc wizard, wielding a dagger and wearing a robe (lightly wounded)
The zap hits the orc wizard.
The orc wizard is moderately wounded.
The zap misses the orc wizard.
The orc priest mumbles some strange prayers to Beogh against you.
Something smites you!
Casting: Shock
Confirm with . or Enter, or press ? or * to list all spells.
Aiming: Shock
Press: ? - help, Shift-Dir - straight line, f/p - orc wizard
Aim: an orc wizard, wielding a dagger and wearing a robe (moderately wounded)
The zap hits the orc wizard.
The orc wizard is heavily wounded.
The orc priest mumbles some strange prayers to Beogh against you.
Something smites you!
You die...

#### ##...
#...# #...#
### #..<# .>.
#.#.# #o#
#...###o###
####..o@..####
#.........+
#......####
#......#
#......#
#......#
#......#
########


You could see 2 orc priests and an orc wizard.

Vanquished Creatures
  An orc wizard (D:3)
  An iguana (D:3)
  7 adders
  An ooze (D:1)
  2 worms (D:3)
  2 giant geckos (D:3)
  4 orcs
  2 giant cockroaches (D:2)
  7 goblins
  8 hobgoblins
  4 kobolds
  A quokka (D:3)
  A ball python (D:2)
  4 bats
  A giant newt (D:2)
  9 rats
55 creatures vanquished.

Notes
Turn   | Place    | Note
--------------------------------------------------------------
     0 | D:1      | HEYYEYAAE the Human Air Elementalist began the quest for the Orb.
     0 | D:1      | Reached XP level 1. HP: 13/13 MP: 3/3
   426 | D:1      | Reached XP level 2. HP: 11/19 MP: 0/5
   856 | D:2      | Reached XP level 3. HP: 24/24 MP: 1/6
   861 | D:2      | Learned a level 3 spell: Static Discharge
  1425 | D:2      | Reached XP level 4. HP: 29/31 MP: 3/7
  1752 | D:3      | Found a faded altar to an unknown god.
  1763 | D:3      | Reached skill level 1 in Armour
  1824 | D:3      | Reached skill level 1 in Fighting
  1824 | D:3      | Reached skill level 4 in Air Magic
  1824 | D:3      | Reached XP level 5. HP: 15/37 MP: 9/9
  2759 | D:4      | Killed from afar by an orc priest

Vault maps used:
D:1:      erik_arrival_cave_to_civilisation
D:2:      hex_large
D:3:      ecumenical_altar_1, hex_medium, grunt_ministairs_5,
          kennysheep_generic_room_3
D:4:      nicolae_overflow_hidden_temple, uniq_blork_the_orc,
          uniq_crazy_yiuf_cottage

Action                   |  1- 3 |  4- 6 || total
-------------------------+-------+-------++-------
Melee: Unarmed           |    17 |       ||    17
       Mace              |    36 |     5 ||    41
       Whip              |       |    80 ||    80
 Cast: Shock             |    27 |    35 ||    62
  Use: Scroll            |       |     3 ||     3
 Stab: Sleeping          |     1 |     1 ||     2
  Eat: Chunk             |     2 |     3 ||     5
